 Dungeon Crawl Stone Soup version 0.31.0-9-g3a7656b989 (webtiles) character file.

Game seed: 10898712494337243974

195942 GordonOverkill the Severer (level 17, -8/153 (156) HPs)
             Began as a Demigod Gladiator on Jan 26, 2024.
             Mangled by Sojobo
             ... wielding a +1 triple sword of electrocution
              (17 damage)
             ... on level 1 of the Depths.
             The game lasted 01:05:58 (32246 turns).

GordonOverkill the Severer (Demigod Gladiator)     Turns: 32246, Time: 01:05:59

HP:   -8/153 (156)  AC: 28    Str: 34    XL:     17   Next: 15%
MP:   20/20         EV:  8    Int: 14    God:
Gold: 2119          SH: 17    Dex: 17    Spells: 16/16 levels left

rFire   + + +        p - +11 war axe of Honesty {flame, rF++ Will- rCorr}
rCold   . . .        P - +2 tower shield {rN+}
rNeg    + . .        u - +1 plate armour {rF+}
rPois   +            c - +2 helmet
rElec   .            m - +2 cloak
rCorr   +            I - +2 pair of gloves {Dex+3}
SInv    .            B - +1 pair of boots
Will    +....        O - amulet of regeneration Stlth
                     J - ring of willpower
HPRegen 2.05/turn    z - ring of poison resistance
MPRegen 0.17/turn

%: random rage (3%)
@: lightly drained, very slow
A: high MP 1, forlorn, divine attributes, berserk 1, clever 1, regeneration 1
}: 1/15 runes: serpentine
a: no special abilities


You were on level 1 of the Depths.
You visited 5 branches of the dungeon, and saw 27 of its levels.
You also visited: Sewer and Gauntlet.

You collected 3011 gold pieces.
You spent 892 gold pieces at shops.

Inventory:

Hand Weapons
 k - a +9 heavy broad axe
 p - the +11 war axe of Honesty (weapon) {flame, rF++ Will- rCorr}
   (You found it on level 7 of the Dungeon)

   rF++:      It greatly protects you from fire.
   Will-:     It decreases your willpower.
   rCorr:     It protects you from acid and corrosion.
 C - the +8 frozen axe "Frostbite" {freeze, freezing cloud, *Noise Fly rC+}
   (You found it on level 7 of the Dungeon)

   rC+:       It protects you from cold.
   Fly:       It grants you flight.
   *Noise:    It may make a loud noise when swung.
Missiles
 b - 3 silver javelins
 d - 7 throwing nets
 i - 14 javelins
 q - 6 curare-tipped darts
 x - 26 boomerangs (quivered)
Armour
 c - a +2 helmet (worn)
 m - a +2 cloak (worn)
 u - a +1 plate armour of fire resistance (worn)
 B - a +1 pair of boots (worn)
 I - a +2 pair of gloves of dexterity (worn)
 P - a +2 tower shield of positive energy (worn)
Jewellery
 e - a ring of see invisible
 g - a ring of protection from cold
 y - a ring of protection from fire
 z - a ring of poison resistance (right hand)
 F - a +6 ring of strength
 J - a ring of willpower (left hand)
 M - the ring "Uxoideci" {Fire rElec Dex+2}
   (You found it on level 13 of the Dungeon)

   [ring of fire]

   Fire:      It enhances your fire magic.
   Dex+2:     It affects your dexterity (+2).
   rF+:       It protects you from fire.
   rC-:       It makes you vulnerable to cold.
   rElec:     It insulates you from electricity.
 O - an amulet of regeneration (around neck)
Wands
 l - a wand of flame (85)
 n - a wand of iceblast (13)
 v - a wand of charming (8)
 D - a wand of digging (13)
 G - a wand of mindburst (17)
 Q - a wand of light (5)
Scrolls
 h - 2 scrolls of vulnerability
 w - 6 scrolls of fog
 A - 8 scrolls of identify
 N - a scroll of revelation
 V - 3 scrolls of teleportation
 W - a scroll of immolation
 Z - 2 scrolls of butterflies
Potions
 a - 5 potions of curing
 j - 3 potions of mutation
 o - a potion of resistance
 r - 3 potions of enlightenment
 L - 3 potions of might
 R - a potion of haste
 S - a potion of ambrosia
 U - 4 potions of lignification
 Y - 2 potions of invisibility
Miscellaneous
 s - a condenser vane
 t - a lightning rod (4/4)
 E - a sack of spiders
 H - a phantom mirror
 T - a phial of floods (inert)


   Skills:
 - Level 15.0 Fighting
 - Level 20.0 Axes
 - Level 1.7 Throwing
 - Level 10.0 Armour
 - Level 2.6 Dodging
 + Level 6.8 Shields
 - Level 13.0 Evocations


You had 16 spell levels left.
You didn't know any spells.
Your spell library contained the following spells:

 Spells                   Type           Power      Damage    Failure   Level
 Foxfire                  Conj/Fire      0%         2x1d4     99%         1
 Sting                    Conj/Alch      0%         1d3       99%         1
 Cigotuvi's Dreadful Rot  Necr/Alch/Air  0%         N/A       100%        2
 Ensorcelled Hibernation  Hex/Ice        0%         N/A       100%        2
 Mercury Vapours          Alch/Air       0%         N/A       100%        2
 Call Canine Familiar     Summ           0%         N/A       100%        3
 Fugue of the Fallen      Necr           0%         N/A       100%        3
 Gell's Gravitas          Tloc           0%         N/A       100%        3
 Hailstorm                Conj/Ice       0%         3d5       100%        3
 Mephitic Cloud           Conj/Alch/Air  0%         N/A       100%        3
 Ozocubu's Armour         Ice            0%         N/A       100%        3
 Sigil of Binding         Hex            0%         N/A       100%        3
 Summon Ice Beast         Ice/Summ       0%         N/A       100%        3
 Teleport Other           Tloc           0%         N/A       100%        3
 Tukima's Dance           Hex            0%         N/A       100%        3
 Anguish                  Hex/Necr       0%         N/A       100%        4
 Dimensional Bullseye     Hex/Tloc       0%         N/A       100%        4
 Ignite Poison            Fire/Alch      0%         N/A       100%        4
 Iskenderun's Mystic Bla  Conj/Tloc      0%         2d3       100%        4
 Manifold Assault         Tloc           0%         N/A       100%        4
 Olgreb's Toxic Radiance  Alch           0%         N/A       100%        4
 Vhi's Electric Charge    Tloc/Air       0%         N/A       100%        4
 Arcjolt                  Conj/Air       0%         1d10      100%        5
 Freezing Cloud           Conj/Ice/Air   0%         6-21      100%        5
 Metabolic Englaciation   Hex/Ice        0%         N/A       100%        5
 Summon Mana Viper        Hex/Summ       0%         N/A       100%        5
 Dispersal                Tloc           0%         N/A       100%        6
 Plasma Beam              Fire/Air       0%         2x1d10    100%        6
 Sculpt Simulacrum        Ice/Alch       0%         N/A       100%        6
 Starburst                Conj/Fire      0%         6d3       100%        6
 Monstrous Menagerie      Summ           0%         N/A       100%        7
 Maxwell's Capacitive Co  Air            0%         ∞         100%        8
 Polar Vortex             Ice            0%         N/A       100%        9


Dungeon Overview and Level Annotations

Branches:
Dungeon (15/15)            Temple (0/1) D:5            Lair (5/5) D:10
  Swamp (0/4) Lair:3        Snake (4/4) Lair:3        Slime (0/5) Lair:4
    Orc (2/2) D:9             Elf (0/3) Orc:2        Vaults (0/5) D:13
 Depths (1/4) D:15          Sewer (visited)         Gauntlet (visited)

Shops:
Orc:1 *   Orc:2 (:*[   Depths:1 ((

Annotations:
Lair:1 2 transporters
Depths:1 Sojobo


Innate Abilities, Weirdness & Mutations

You have an increased reservoir of magic. (+10% MP)
You shall have no god before yourself.
Your divine heritage dramatically boosts your attributes as you level up.
You sometimes lose your temper in combat.
Your mind is acute. (Int +4, Str/Dex -1)
Your natural rate of healing is unusually fast.


Message History

The tengu reaver pecks you but does no damage.
The tengu reaver claws you but does no damage.
You block Sojobo's attack. Sojobo pecks you but does no damage.
Sojobo claws you but does no damage.
Aiming: Bolt of Light
Press: ? - help, Shift-Dir - straight line, f/p - Sojobo
Aim: Sojobo, wielding a +1 triple sword of electrocution and wearing a +2 ring mail of poison resistance (severely wounded, repelling missiles, waterlogged, 25% to hit)
The bolt of light hits Sojobo!
Sojobo is severely wounded.
Sojobo is blinded.
The tengu reaver hits you with a +0 great sword of electrocution.
* * * LOW HITPOINT WARNING * * *
You are electrocuted!!
* * * LOW HITPOINT WARNING * * *
The tengu reaver pecks you!
* * * LOW HITPOINT WARNING * * *
You block the tengu reaver's attack.
Sojobo hits you with a +1 triple sword of electrocution!!
* * * LOW HITPOINT WARNING * * *
Sojobo closely misses you. Sojobo claws you but does no damage.
Okay, then.
Okay, then.
Okay, then.
Okay, then.
Unknown command.
Okay, then.
Unknown command.
Unknown command.
Unknown command.
Unknown command.
Aiming: Bolt of Light
Press: ? - help, Shift-Dir - straight line, f/p - Sojobo
Aim: Sojobo, wielding a +1 triple sword of electrocution and wearing a +2 ring mail of poison resistance (severely wounded, repelling missiles, blind, unable to see you, waterlogged, 25% to hit)
The bolt of light misses Sojobo.
The tengu reaver points at you and mumbles some strange words.
The bolt of negative energy hits you! You partially resist.
You feel drained.
* * * LOW HITPOINT WARNING * * *
Sojobo hits you with a +1 triple sword of electrocution!
You die...
Sojobo says, "The outcome was never in doubt."

#..
#........#..≈§##≈
#..
##.####..#..§≈#
#... #.#
#..'..§§≈§
#...##.#
##.#....§.
#...#.# #.###'#
#...### #.. #
###...# #.##
#.#.###~######.##
#.#..~~Q@~.......
#.#####Q######.##
#.# #Q# #.# #~#
... #.# #.. #.#
#.. ..Q ###


You could see Sojobo (repels missiles, blind, unable to see you, waterlogged)
and 2 tengu reavers.

Vanquished Creatures
  Gastronok (Orc:1)
  6 nagarajas
  A fire giant (Depths:1)
  A frost giant (D:15)
  An orc warlord (Orc:2)
  A caustic shrike skeleton (Depths:1)
  A juggernaut skeleton (Depths:1)
  A stone giant (Depths:1)
  A very ugly thing (Depths:1)
  The ghost of raetorn the Eclecticist, a journeyman DjFE of Makhleb (Lair:4)
  A minotaur (Gauntlet)
  Azrael (Snake:3)
  The ghost of petercordia the Protected, a journeyman AtFi of Lugonu (Lair:2)
  4 ettins
  A fire dragon (D:14)
  Snorg (Orc:1)
  3 entropy weavers (D:10)
  A rakshasa (Depths:1)
  Harold (D:9)
  A juggernaut simulacrum (Depths:1)
  4 salamander tyrants
  A hydra (D:13)
  Erolcha (D:13)
  2 ogre magi
  A merfolk avatar (Lair:5)
  A vault guard (D:13)
  A spriggan air mage (Depths:1)
  6 anacondas
  6 centaur warriors
  10 two-headed ogres
  A catoblepas (Lair:1)
  The ghost of tadhg the Eclecticist, a journeyman DECj of Vehumet (D:12)
  3 boulder beetles
  3 ghost crabs (D:10)
  A dancing weapon (D:13)
  2 deep troll earth magi (Depths:1)
  5 death yaks (Lair:5)
  A deep troll shaman (Depths:1)
  16 naga warriors
  8 tengu warriors
  An orc high priest (Orc:2)
  10 naga sharpshooters
  4 shock serpents
  5 fire crabs (D:10)
  An iron troll (Depths:1)
  2 salamander mystics (Snake:4)
  3 skysharks
  2 sea snakes (Lair:5)
  A golden dragon zombie (Depths:1)
  2 spriggan druids (Lair:3)
  6 mana vipers
  2 deep trolls (Depths:1)
  A glowing orange brain (Lair:2)
  6 naga ritualists
  Pikel (D:4)
  2 harpies (Lair:5)
  2 lightning spires (Gauntlet)
  4 orc knights
  A deep elf pyromancer (D:7)
  A necromancer (Depths:1)
  18 ugly things
  4 orc sorcerers
  5 cyclopes
  A lindwurm (Lair:5)
  2 wolf spiders (Lair:5)
  5 manticores
  Maurice (Orc:1)
  17 salamanders
  18 elephants
  4 kobold blastminers (Orc:2)
  A smoke demon (Gauntlet)
  31 black mambas
  An apocalypse crab (D:10)
  3 guardian serpents
  10 naga magi
  4 gargoyles
  2 unseen horrors
  An unseen horror zombie (D:9)
  12 komodo dragons
  Jeremiah (D:6)
  15 cane toads
  2 ice devils (D:7)
  A yaktaur (D:14)
  3 rime drakes
  2 freezing wraiths (D:7)
  2 kobold demonologists
  2 tengu conjurers
  3 efreet (D:13)
  5 trolls
  4 polar bears
  A wind drake (Lair:5)
  A hornet (shapeshifter) (D:12)
  A raiju (Gauntlet)
  Grinder (D:3)
  2 hornets
  14 blink frogs
  Prince Ribbit (Lair:1)
  19 slime creatures
  A centaur simulacrum (D:14)
  A vampire (D:7)
  50 yaks
  A wraith (D:10)
  2 shadows
  4 wargs
  9 wyverns
  5 fire elementals (Snake:3)
  7 basilisks
  5 vampire mosquitoes
  Menkaure (D:4)
  3 steam dragons
  24 nagas
  6 acid dragons
  14 water moccasins
  A hell hound (Snake:3)
  2 ice beasts
  35 orc warriors
  Pargi (D:3)
  A black bear (D:4)
  3 laughing skulls
  7 ogres
  10 centaurs
  19 wolves
  10 kobold brigands
  2 lemures (D:4)
  8 bullfrogs
  2 necrophages (D:9)
  2 gnoll sergeants
  6 scorpions
  8 wights
  16 killer bees
  4 electric eels
  6 howler monkeys
  3 crimson imps (Gauntlet)
  A lava snake (Snake:4)
  A human zombie (D:9)
  2 centaur zombies (D:9)
  9 hounds
  19 jellies
  15 orc priests
  3 bombardier beetles
  Crazy Yiuf (D:2)
  A gnoll bouda (D:7)
  2 sleepcaps
  7 iguanas
  22 orc wizards
  A mummy (D:9)
  3 howler monkey zombies (D:9)
  5 gnolls (D:11)
  9 adders
  A river rat (D:4)
  A shadow imp (D:8)
  8 white imps
  2 ufetubi (D:5)
  A ribbon worm (D:4)
  3 dart slugs
  57 orcs
  13 endoplasms
  7 giant cockroaches
  10 goblins
  8 hobgoblins
  5 jackals
  3 quokkas
  4 ball pythons
  6 bats
  2 frilled lizards
  46 kobolds
  13 rats
951 creatures vanquished.

Vanquished Creatures (others)
  An orc (Orc:1)
1 creature vanquished.

Grand Total: 952 creatures vanquished

Notes
Turn   | Place    | Note
-------+----------+-------------------------------------------
     0 | D:1      | GordonOverkill the Demigod Gladiator began the quest for
                  | the Orb.
     0 | D:1      | Reached XP level 1. HP: 17/17 MP: 3/3
    70 | D:1      | Reached skill level 3 in Axes
   114 | D:1      | Reached XP level 2. HP: 24/24 MP: 4/4
   902 | D:2      | Reached XP level 3. HP: 20/30 MP: 5/5
  1803 | D:2      | Found a runed translucent door.
  1804 | D:2      | Noticed Crazy Yiuf
  1809 | D:2      | Gained mutation: Your mind is acute. (Int +4, Str/Dex -1)
                  | [potion of mutation]
  1809 | D:2      | Gained mutation: You sometimes lose your temper in combat.
                  | [potion of mutation]
  1809 | D:2      | Gained mutation: Your natural rate of healing is unusually
                  | fast. [potion of mutation]
  1818 | D:2      | Killed Crazy Yiuf
  1819 | D:2      | Reached skill level 4 in Axes
  1819 | D:2      | Reached XP level 4. HP: 29/38 MP: 6/6
  2181 | D:3      | Noticed Pargi
  2208 | D:3      | Killed Pargi
  2209 | D:3      | Reached skill level 5 in Axes
  2209 | D:3      | Reached XP level 5. HP: 31/45 MP: 7/7
  2504 | D:3      | Noticed Grinder
  2519 | D:3      | Paralysed by Grinder for 2 turns
  2527 | D:3      | Paralysed by Grinder for 4 turns
  2544 | D:3      | Paralysed by Grinder for 3 turns
  2553 | D:3      | Killed Grinder
  2554 | D:3      | Reached skill level 6 in Axes
  2554 | D:3      | Reached XP level 6. HP: 26/51 MP: 8/8
  2770 | D:4      | Reached skill level 7 in Axes
  2955 | D:4      | Found a glowing drain.
  2961 | D:4      | Reached XP level 7. HP: 55/57 MP: 9/9
  2974 | Sewer    | Entered a sewer
  3230 | D:4      | Reached skill level 8 in Axes
  3377 | D:4      | Noticed Pikel
  3396 | D:4      | Killed Pikel
  3397 | D:4      | Reached skill level 9 in Axes
  3397 | D:4      | Reached XP level 8. HP: 63/63 MP: 10/10
  3548 | D:4      | Noticed Menkaure
  3556 | D:4      | Killed Menkaure
  3557 | D:4      | Reached skill level 10 in Axes
  3557 | D:4      | Reached skill level 1 in Armour
  3681 | D:5      | Entered Level 5 of the Dungeon
  3882 | D:5      | Found a staircase to the Ecumenical Temple.
  4198 | D:5      | Reached XP level 9. HP: 72/72 MP: 11/11
  4618 | D:6      | Reached skill level 5 in Fighting
  4618 | D:6      | Reached skill level 1 in Evocations
  4651 | D:6      | Noticed Jeremiah
  4663 | D:6      | Killed Jeremiah
  5169 | D:6      | Reached skill level 5 in Evocations
  5368 | D:7      | Noticed an ice devil
  5415 | D:7      | Killed an ice devil
  5444 | D:7      | Noticed a freezing wraith
  5461 | D:7      | Reached skill level 11 in Axes
  5550 | D:7      | Noticed a cyclops
  5828 | D:7      | Noticed a deep elf pyromancer
  5839 | D:7      | Reached XP level 10. HP: 72/81 MP: 13/13
  5850 | D:7      | Noticed a manticore
  5869 | D:7      | Killed a manticore
  6062 | D:7      | Killed a cyclops
  6063 | D:7      | Reached skill level 12 in Axes
  6224 | D:7      | Identified the +11 war axe of Honesty {flame, rF++ Will-
                  | rCorr}
  6323 | D:7      | HP: 1/83 [something (6)]
  7094 | D:7      | Found the +8 frozen axe "Frostbite" {freeze, freezing
                  | cloud, *Noise Fly rC+}
  7274 | D:7      | Killed a deep elf pyromancer
  7799 | D:8      | Reached skill level 13 in Axes
  8321 | D:9      | Found a staircase to the Orcish Mines.
  8332 | D:9      | Reached XP level 11. HP: 92/92 MP: 14/14
  8909 | D:9      | Reached skill level 14 in Axes
  8941 | D:9      | Noticed Harold
  8948 | D:9      | Killed Harold
  9445 | D:10     | Entered Level 10 of the Dungeon
  9445 | D:10     | Found the +6 shillelagh "Devastator" {shatter}
  9447 | D:10     | Identified the +0 hand axe "Yrrol" {pain, rElec Int+2}
  9879 | D:10     | Identified the ring "Racwi" {Fire rElec}
  9952 | D:10     | Found a runed translucent door.
  9957 | D:10     | Found a staircase to the Lair.
  9982 | D:10     | Noticed a fire crab
 10022 | D:10     | Killed a fire crab
 10023 | D:10     | Reached skill level 15 in Axes
 10040 | D:10     | Noticed an entropy weaver
 10040 | D:10     | Noticed a fire crab
 10045 | D:10     | Killed a fire crab
 10051 | D:10     | Killed an entropy weaver
 10302 | D:10     | Noticed a fire crab
 10310 | D:10     | Killed a fire crab
 10447 | D:10     | Noticed a fire crab
 10447 | D:10     | Noticed a fire crab
 10454 | D:10     | Killed a fire crab
 10458 | D:10     | Killed a fire crab
 10652 | D:10     | Noticed a ghost crab
 10660 | D:10     | Killed a ghost crab
 10661 | D:10     | Noticed an entropy weaver
 10802 | D:10     | Noticed a ghost crab
 10804 | D:10     | Killed an entropy weaver
 10805 | D:10     | Reached skill level 16 in Axes
 10806 | D:10     | Noticed a ghost crab
 11122 | D:10     | Killed a ghost crab
 11123 | D:10     | Reached XP level 12. HP: 98/98 MP: 15/15
 11164 | D:10     | Noticed an entropy weaver
 11191 | D:10     | Killed an entropy weaver
 11195 | D:10     | Killed a ghost crab
 11733 | D:11     | Noticed Sonja
 11734 | D:11     | Sonja changed into Sonja the ice beast
 11734 | D:11     | Noticed Sonja
 11736 | D:11     | Killed Sonja the ice beast
 11976 | D:11     | Noticed a boulder beetle
 11998 | D:11     | Killed a boulder beetle
 12354 | D:11     | Reached skill level 10 in Fighting
 12654 | Lair:1   | Entered Level 1 of the Lair of Beasts
 12662 | Lair:1   | Noticed a catoblepas
 12666 | Lair:1   | Reached skill level 5 in Armour
 12676 | Lair:1   | Killed a catoblepas
 12821 | Lair:1   | Found a transporter.
 12979 | Lair:1   | Noticed Prince Ribbit
 13010 | Lair:1   | Killed Prince Ribbit
 13540 | Lair:1   | Found a transporter.
 13950 | Lair:2   | Found a runed translucent gate.
 13950 | Lair:2   | Found a runed translucent gate.
 13950 | Lair:2   | Found a runed translucent gate.
 14101 | Lair:2   | Reached XP level 13. HP: 107/113 MP: 16/16
 14316 | Lair:2   | Noticed petercordia's ghost (journeyman AtFi)
 14453 | Lair:2   | Killed petercordia's ghost
 14504 | Lair:2   | Identified the staff of the Three Violins {rF+ Str+4 Dex+2
                  | Fire}
 14628 | Lair:3   | Got the Papyrus of Algor
 14673 | Lair:3   | Reached skill level 10 in Armour
 15088 | Lair:3   | Found a staircase to the Snake Pit.
 15415 | Lair:3   | Found a staircase to the Swamp.
 16088 | Lair:4   | Found a staircase to the Slime Pits.
 16232 | Lair:4   | Found a runed translucent door.
 16232 | Lair:4   | Noticed raetorn's ghost (journeyman DjFE)
 16463 | Lair:4   | Killed raetorn's ghost
 16465 | Lair:4   | Identified the +3 ring mail "Qaeduor" {+Blink rF+}
 16482 | Lair:5   | Entered Level 5 of the Lair of Beasts
 16554 | Lair:5   | Reached skill level 10 in Evocations
 16556 | Lair:5   | Reached skill level 1 in Shields
 16570 | Lair:5   | Reached XP level 14. HP: 19/121 MP: 17/17
 16696 | Lair:5   | Reached skill level 5 in Shields
 16873 | Lair:5   | Identified the +0 cloak "Gosat" {*Slow rPois rN+++ rCorr}
 18407 | D:12     | Reached skill level 17 in Axes
 18536 | D:12     | Found a runed translucent gate.
 18537 | D:12     | Found a runed translucent gate.
 18537 | D:12     | Found a runed translucent gate.
 18538 | D:12     | Noticed tadhg's ghost (journeyman DECj)
 19294 | D:12     | Killed tadhg's ghost
 19441 | D:13     | Identified the ring "Uxoideci" {Fire rElec Dex+2}
 19768 | D:13     | Found a gate to the Vaults.
 19866 | D:13     | Noticed Erolcha
 19875 | D:13     | Killed Erolcha
 20356 | D:14     | Reached skill level 18 in Axes
 21291 | D:14     | Reached XP level 15. HP: 126/126 MP: 18/18
 21554 | D:15     | Entered Level 15 of the Dungeon
 21697 | D:14     | Reached skill level 19 in Axes
 21972 | D:15     | Found a gate leading to a gauntlet.
 21991 | Gauntlet | Entered a Gauntlet
 21991 | Gauntlet | Found a transporter.
 21991 | Gauntlet | Found a transporter.
 22023 | Gauntlet | Found a transporter.
 22041 | Gauntlet | Found a transporter.
 22041 | Gauntlet | Found a transporter.
 22041 | Gauntlet | Found a transporter.
 22043 | Gauntlet | Found a transporter.
 22043 | Gauntlet | Found a transporter.
 22059 | Gauntlet | Found a transporter.
 22064 | Gauntlet | Found a runed translucent door.
 22071 | Gauntlet | Found a transporter.
 22081 | Gauntlet | Found a transporter.
 22095 | Gauntlet | Found a transporter.
 22128 | Gauntlet | Found a transporter.
 22145 | Gauntlet | Found a transporter.
 22232 | Gauntlet | Identified the staff of Calculation {rElec rF+ Int+2 SInv
                  | Fire}
 22296 | Gauntlet | Identified the +0 helmet "Syuhient" {Regen+}
 22737 | D:15     | Found a staircase to the Depths.
 22907 | Orc:1    | Entered Level 1 of the Orcish Mines
 22907 | Orc:1    | Noticed Snorg
 22915 | Orc:1    | Killed Snorg
 23127 | Orc:1    | Noticed Gastronok
 23154 | Orc:1    | Killed Gastronok
 23256 | Orc:2    | Entered Level 2 of the Orcish Mines
 23299 | Orc:1    | Noticed Maurice
 23456 | Orc:1    | Killed Maurice
 23537 | Orc:1    | Found Wietebi's Assorted Antiques.
 23547 | Orc:1    | Bought a scroll of fear for 124 gold pieces
 23547 | Orc:1    | Bought a potion of curing for 93 gold pieces
 24101 | Orc:2    | Reached skill level 20 in Axes
 24373 | Orc:2    | Found Lachuffe's Antique Armour Boutique.
 24385 | Orc:2    | Found Edekej's General Store.
 24514 | Orc:2    | Found Woofucw's Book Boutique.
 24551 | Orc:2    | Bought a pair of boots for 85 gold pieces
 24563 | Orc:2    | Found a staircase to the Elven Halls.
 24792 | Orc:2    | Found Vonyrisa's Antique Weapon Boutique.
 24922 | Orc:2    | Bought 2 scrolls of enchant weapon for 150 gold pieces
 24922 | Orc:2    | Bought a scroll of fog for 40 gold pieces
 24922 | Orc:2    | Bought a phial of floods for 400 gold pieces
 25159 | Snake:1  | Entered Level 1 of the Snake Pit
 25470 | Snake:1  | Identified the maw talisman "Vaomauge" {Str+4}
 27186 | Snake:2  | Reached XP level 16. HP: 139/139 MP: 19/19
 28020 | Snake:3  | Identified the ring of Edawn {Int+6 Stlth+}
 28443 | Snake:3  | Noticed Azrael
 28463 | Snake:3  | Killed Azrael
 29065 | Snake:4  | Entered Level 4 of the Snake Pit
 30728 | Snake:4  | Got a serpentine rune of Zot
 31179 | Depths:1 | Entered Level 1 of the Depths
 31368 | Depths:1 | Noticed Sojobo
 31390 | Depths:1 | Paralysed by an air elemental for 1 turns
 31391 | Depths:1 | HP: 2/144 [juggernaut simulacrum[a necromancer] (21)]
 31550 | Depths:1 | Reached XP level 17. HP: 154/154 MP: 20/20
 31687 | Depths:1 | Reached skill level 15 in Fighting
 31945 | Depths:1 | Found Cemoot's Weapon Shoppe.
 32107 | Depths:1 | Found Xugodid's Antique Weapon Boutique.
 32246 | Depths:1 | Mangled by Sojobo

Illustrated notes

Levels and vault maps discovered:
D:1:      wander_arrival_estate, layout_basic,
          shapermc_ecumenical_altar_starsandcircs
D:2:      layout_basic, uniq_crazy_yiuf_cottage
D:3:      layout_basic, kennysheep_generic_room_2, uniq_pargi, uniq_grinder
D:4:      minmay_octagon_keep, layout_rooms, mainiacjoe_overflow_swirl,
          portal_sewer_entry_b, uniq_pikel, uniq_menkaure
D:5:      minmay_evil_eye, layout_loops_ring, minmay_temple_entry_mist
D:6:      layout_basic, grunt_dithmenos_smoke, serial_rivers,
          chequers_serial_rivers_large_a, chequers_serial_rivers_micro_b,
          chequers_serial_rivers_micro_c, chequers_serial_rivers_large_b,
          chequers_serial_rivers_small_3, uniq_jeremiah
D:7:      minmay_the_grid_four_pointed_star
          [minmay_the_grid_triangle_9x9_swiss_cheese,
          minmay_the_grid_triangle_9x9_skeleton,
          minmay_the_grid_triangle_9x9_alien,
          minmay_the_grid_triangle_9x9_from_above,
          minmay_the_grid_prize_shrinking_boxes], layout_loops_ring,
          hellmonk_guarded_unrand_frostbite
D:8:      layout_basic, mainiacjoe_overflow_alcove_4, hex_tiny,
          kennysheep_generic_room_5
D:9:      layout_big_octagon, lemuel_mausoleum_altar_yredelemnul,
          lemuel_tele_altar, minmay_orc_entry_temple_small,
          serial_co_window_serial, co_window_paths_b, co_window_cross_1,
          co_window_paths_a, co_window_paths_a, co_window_corner_a,
          co_window_corner_a, co_window_paths_a, co_window_paths_a,
          co_window_of_opportunity_a, co_window_of_opportunity_b,
          co_window_corner_b, co_window_of_opportunity_b,
          co_window_of_opportunity_b, co_window_of_opportunity_c,
          co_window_corner_b, glass_columns_c, glass_columns_a, minivault_14,
          uniq_harold
D:10:     gammafunk_mikee_crab_dinner, layout_rooms, lair_entry_dummy
D:11:     layout_loops_corners, kennysheep_okawaru_gauntlet, uniq_sonja
D:12:     minmay_isolated_rectangles_in_corner, layout_cave_pools,
          ebering_ghost_rock_garden, nicolae_houndstooth_variations
D:13:     layout_cave_pools, erik_vaults_1, uniq_erolcha
D:14:     layout_gridville, kb_rosetta
D:15:     grunt_enter_depths_snipers, layout_cave_pools, gauntlet_entry_generic,
          nicolae_uskayaw_murder_on_the_dancefloor,
          nemelex_xobeh_ov_fountains_minmay
Lair:1:   gammafunk_worm_tunnel, layout_loops_ring, beast_lair_carwin_3,
          infiniplex_staircase_pool, grunt_megastairs_4, uniq_prince_ribbit2
Lair:2:   layout_chaotic_city, basic_altar, gammafunk_ghost_ooze,
          chequers_serial_rivers_room_b
Lair:3:   layout_cellular_growth, mainiacjoe_swamp_entry_angry_trees,
          guppyfry_snake_entry_island
Lair:4:   layout_cave_shapes, minmay_slime_entry_jelly_boxes,
          gammafunk_ghost_grave
Lair:5:   gammafunk_lair_ancient_temple, layout_regular_city,
          nicolae_lair_run_with_the_wolves, serial_bayou_shore_a
Snake:1:  layout_onion_interference
Snake:2:  layout_gridlike
Snake:3:  layout_grid_maze, nicolae_snake_gridmaze_spiral, uniq_azrael
Snake:4:  snake_pit, layout_rooms, drop_trap, nicolae_snake_salamander_fort
Orc:1:    layout_caves, serial_shops, nicolae_shop_hallway_plus,
          nicolae_orc_damp_corner, uniq_gastronok, uniq_maurice, uniq_snorg
Orc:2:    grunt_orc_cross, layout_diamond_mine
Depths:1: layout_gridlike, lemuel_blue_sif_altar, grunt_hell_entry_dis_mu,
          abyss_entry_flame_altar, serial_shops, shop_fountains,
          nicolae_shop_bloodbath_and_beyond, ashenzari_altar_1, firewood_loft,
          uniq_sojobo

Skill      XL: |  1  2  3  4  5  6  7  8  9 10 11 12 13 14 15 16 17 |
---------------+----------------------------------------------------+-----
Fighting       | 2 3 4 5 7 10 12 14 15 | 15.0
Axes           | 3 4 5 6 7 9 10 11 13 16 18 20 | 20.0
Armour         | 4 8 10 | 10.0
Evocations     | 5 10 13 | 13.0
Shields        | 3 6 |  6.8
Throwing       | |  1.7
Dodging        | |  2.6

Action                     |  1- 3 |  4- 6 |  7- 9 | 10-12 | 13-15 | 16-18 || total
---------------------------+-------+-------+-------+-------+-------+-------++-------
  Melee: War axe           |   134 |   117 |   289 |   523 |   493 |   493 ||  2049
         Punch             |       |     3 |     4 |     4 |       |       ||    11
         Executioner's axe |       |       |       |     2 |    88 |       ||    90
         Broad axe         |       |       |       |       |   403 |    61 ||   464
  Throw: Dart              |       |       |     2 |     7 |     6 |       ||    15
         Boomerang         |       |       |       |       |       |     4 ||     4
  Evoke: Wand              |       |       |    10 |     4 |     1 |     2 ||    17
         Condenser vane    |       |       |       |       |     2 |     1 ||     3
         Lightning rod     |       |       |       |       |       |     1 ||     1
         Phial of floods   |       |       |       |       |       |     1 ||     1
    Use: Potion            |     4 |     1 |     6 |     4 |    11 |     5 ||    31
         Scroll            |       |     2 |     7 |     9 |    19 |     8 ||    45
   Stab: Petrified         |       |       |       |     5 |       |       ||     5
         Invisible         |       |       |       |       |     1 |       ||     1
 Armour: Leather armour    |    13 |       |       |       |       |       ||    13
         Plate armour      |    64 |   163 |    85 |       |   320 |   502 ||  1134
         Ring mail         |       |       |   225 |   443 |   483 |       ||  1151
  Dodge: Dodged            |    57 |    65 |   224 |   248 |   353 |   133 ||  1080
  Block: Tower shield      |       |       |       |       |   726 |   247 ||   973
         Kite shield       |       |       |       |       |       |   140 ||   140
